 Dungeon Crawl Stone Soup version 0.19-a0-1223-gf83d13a (webtiles) character file.

223 Ijustatesigmund the Conjurer (level 6, -2/36 HPs)
             Began as an Octopode Wizard on Aug 24, 2016.
             Slain by a phantom (8 damage)
             ... on level 4 of the Dungeon.
             The game lasted 00:11:33 (4491 turns).

Ijustatesigmund the Conjurer (Octopode Wizard)      Turns: 4491, Time: 00:11:34

Health: -2/36      AC:  1    Str:  7    XL:     6   Next: 0%
Magic:  7/10       EV: 13    Int: 21    God:
Gold:   168        SH:  0    Dex: 11    Spells: 4 memorised, 3 levels left

rFire  . . .     SeeInvis .     i - +1 dagger (vamp)
rCold  . . .     Gourm    .     (no shield)
rNeg   . . .     Faith    .     a - +0 hat
rPois  .         Spirit   .     (no amulet)
rElec  .         Dismiss  .     (no ring)
rCorr  .         Reflect  .     (no ring)
MR     .....     Harm     .     (no ring)
Stlth  +++.......               (no ring)
                                (no ring)
                                (no ring)
                                (no ring)
                                (no ring)

@: repel missiles
A: almost no armour, amphibious, 8 rings, constrict 8, antennae 1, camouflage 1,
blurry vision 1, gelatinous body 1, no device heal 1
a: no special abilities


You were on level 4 of the Dungeon.
You were hungry.

You visited 1 branch of the dungeon, and saw 4 of its levels.

You collected 168 gold pieces.

Inventory:

Hand Weapons
 e - a +1 hunting sling of freezing
 f - a +0 dagger
 i - a +1 vampiric dagger (weapon)
 m - a cursed -2 dagger
Missiles
 u - 3 tomahawks (quivered)
Armour
 a - a +0 hat (worn)
 d - a +0 shield
Scrolls
 g - a scroll of remove curse
 v - 3 scrolls of teleportation
Potions
 h - a potion of berserk rage
 j - a potion of brilliance
 n - a potion of lignification {unknown}
 o - a potion of degeneration {unknown}
 p - a potion of cure mutation {unknown}
 r - a potion of mutation
 t - 2 potions of curing {unknown}
 w - a potion of flight {unknown}
Books
 b - a book of Minor Magic

   Spells                             Type                      Level
   a - Magic Dart                     Conjuration                  1
   b - Blink                          Translocation                2
   c - Call Imp                       Summoning                    2
   d - Repel Missiles                 Charms/Air                   2
   e - Slow                           Hexes                        2
   f - Conjure Flame                  Conjuration/Fire             3
   g - Mephitic Cloud                 Conjuration/Poison/Air       3
Comestibles
 c - 5 bread rations
 l - a fruit
 q - 2 meat rations
 s - a slice of pizza


   Skills:
 - Level 2.0 Dodging
 - Level 2.6 Stealth
 - Level 3.0 Spellcasting
 - Level 3.8 Conjurations
   Level 1.0 Summonings
 + Level 3.3 Translocations
 + Level 1.5 Air Magic
 + Level 1.9 Poison Magic


You had 3 spell levels left.
You knew the following spells:

 Your Spells              Type           Power        Failure   Level  Hunger
a - Magic Dart            Conj           ###.         2%          1    None
b - Blink                 Tloc           N/A          6%          2    ##.....
c - Repel Missiles        Chrm/Air       #.....       14%         2    ##.....
d - Mephitic Cloud        Conj/Pois/Air  ##......     17%         3    ###....


Dungeon Overview and Level Annotations

Branches:
Dungeon (4/15)
 Temple: D:4-7

Altars:
Dithmenos
Okawaru
Ru


Innate Abilities, Weirdness & Mutations

You cannot wear most types of armour.
You are amphibious.
You can wear up to eight rings at the same time.
You can use your tentacles to constrict eight enemies at once.
Your skin changes colour to match your surroundings (Stealth+).
Your rubbery body absorbs attacks. (AC +1, EV +1)
You have a pair of small antennae on your head.
Scrolls take you a little longer to read.
Potions and wands are less effective at restoring your health.


Message History

The phantom is severely damaged.
The phantom hits you.
* * * LOW HITPOINT WARNING * * *
You hit the phantom.
The phantom is severely damaged.
The phantom misses you.
Really read with blurry vision while enemies are nearby? [Y]es or [N]o only, please.
Really read with blurry vision while enemies are nearby? [Y]es or [N]o only, please.
Really read with blurry vision while enemies are nearby? [Y]es or [N]o only, please.
Really read with blurry vision while enemies are nearby? [Y]es or [N]o only, please.
Really read with blurry vision while enemies are nearby?
Okay, then.
You hit the phantom but do no damage.
The phantom is severely damaged.
The phantom hits you!
You die...

##.....# #.....
#......# #.##..
#....#.# #. ##.
#...##.## #. ##
#.####..# #.
### ##.# #.#
#W# #@## ###..#
##....#
#.....##
##......#
..#.......##
...........#
...........##
#... #
..............#
#..† #


You could see a phantom.

Vanquished Creatures
  An orc wizard (D:3)
  2 worker ants (D:4)
  7 adders
  An adder skeleton (D:4)
  A worm (D:2)
  A dart slug (D:1)
  2 giant geckos
  3 orcs (D:3)
  A ball python (D:1)
  10 bats
  5 giant cockroaches
  7 goblins
  6 hobgoblins
  4 quokkas
  5 giant newts
  9 kobolds
  13 rats
78 creatures vanquished.

Notes
Turn   | Place    | Note
-------+----------+-------------------------------------------
     0 | D:1      | Ijustatesigmund the Octopode Wizard began the quest for the Orb.
     0 | D:1      | Reached XP level 1. HP: 11/11 MP: 4/4
   190 | D:1      | Reached XP level 2. HP: 11/17 MP: 4/6
   717 | D:1      | Learned a level 2 spell: Blink
   720 | D:1      | Learned a level 2 spell: Repel Missiles
   878 | D:1      | Reached XP level 3. HP: 21/21 MP: 5/7
   979 | D:1      | Learned a level 3 spell: Mephitic Cloud
  1401 | D:2      | Found a sacrificial altar of Ru.
  1592 | D:2      | Reached XP level 4. HP: 27/27 MP: 0/8
  1968 | D:2      | Found an iron altar of Okawaru.
  2253 | D:3      | Reached XP level 5. HP: 12/31 MP: 4/9
  3159 | D:4      | Reached skill level 1 in Poison Magic
  3175 | D:4      | Noticed a sky beast
  3411 | D:4      | Reached skill level 1 in Air Magic
  3597 | D:4      | Found a shadowy altar of Dithmenos.
  4092 | D:4      | Reached XP level 6. HP: 36/36 MP: 7/10
  4187 | D:4      | Noticed a phantom
  4486 | D:4      | Gained mutation: Scrolls take you a little longer to read. [potion of mutation]
  4486 | D:4      | Gained mutation: Potions and wands are less effective at restoring your health. [potion of mutation]
  4486 | D:4      | Gained mutation: You have a pair of small antennae on your head. [potion of mutation]
  4491 | D:4      | Slain by a phantom

Vault maps used:
D:1:      wheals_arrival_linesprint
D:2:      kennysheep_okawaru_gauntlet, nicolae_ru_awakened_eye
D:3:      first_bread
D:4:      nicolae_dithmenos_shadow_blocks

Skill      XL: |  1  2  3  4  5 |
---------------+----------------+-----
Conjurations   | 2 3 |  3.8
Translocations | 2 3 |  3.3
Poison Magic   | 1 |  1.9
Air Magic      | 1 |  1.5
Dodging        | |  2.0
Stealth        | |  2.6
Spellcasting   | |  3.0
Summonings     | |  1.0

Action                   |  1- 3 |  4- 6 || total
-------------------------+-------+-------++-------
Melee: Dagger            |    61 |    91 ||   152
       Constrict         |    13 |    16 ||    29
       Unarmed           |     3 |       ||     3
       Tentacles         |     5 |     9 ||    14
 Cast: Magic Dart        |    35 |    91 ||   126
       Repel Missiles    |     1 |       ||     1
  Use: Scroll            |     4 |     6 ||    10
       Potion            |       |     2 ||     2
 Stab: Sleeping          |     6 |     2 ||     8
  Eat: Bread ration      |     1 |       ||     1
       Chunk             |     2 |     8 ||    10
       Fruit             |       |     1 ||     1
Armor: Skin              |     8 |     8 ||    16
Dodge: Dodged            |    46 |    70 ||   116
